 Dungeon Crawl Stone Soup version 0.31.0-12-g77e489cdc1 (webtiles) character file.

Game seed: 1046196762017261565

1451 ssalbiz the Conjurer (level 8, -1/60 HPs)
             Began as a Gnoll Conjurer on Feb 24, 2024.
             Slain by a kobold brigand
             ... wielding a +0 dagger
              (4 damage)
             ... in a sewer.
             The game lasted 00:11:40 (4842 turns).

ssalbiz the Conjurer (Gnoll Conjurer)               Turns: 4842, Time: 00:11:40

Health: -1/60      AC:  3    Str: 12    XL:     8   Next: 75%
Magic:  6/17       EV: 14    Int: 19    God:
Gold:   309        SH:  0    Dex: 12    Spells: 16/19 levels left

rFire   . . .        r - +1 short sword (speed)
rCold   . . .        (no shield)
rNeg    . . .        a - +0 robe
rPois   .            (no helmet)
rElec   .            (no cloak)
rCorr   .            (no gloves)
SInv    +            g - +0 pair of boots
Will    .....        (no amulet)
Stlth   +++          i - ring of see invisible
HPRegen 0.30/turn    k - +6 ring of strength
MPRegen 0.15/turn

%: no passive effects
@: brilliant
A: fangs 1, strong nose, distributed training
a: no special abilities


You were in a sewer.
You visited 1 branch of the dungeon, and saw 5 of its levels.
You also visited: Sewer.

You collected 309 gold pieces.

Inventory:

Hand Weapons
 r - a +1 short sword of speed (weapon)
Missiles
 m - 6 javelins
 v - 2 curare-tipped darts (quivered)
Armour
 a - a +0 robe (worn)
 g - a +0 pair of boots (worn)
Jewellery
 i - a ring of see invisible (left hand)
 k - a +6 ring of strength (right hand)
Wands
 p - a wand of flame (10)
Scrolls
 c - a scroll of summoning {unknown}
 d - a scroll of enchant weapon {unknown}
 e - a scroll of immolation {unknown}
 f - a scroll of noise {unknown}
 j - 8 scrolls of teleportation {unknown}
 l - a scroll of fear {unknown}
 q - 4 scrolls of identify {unknown}
 s - a scroll of acquirement {unknown}
 t - 2 scrolls of vulnerability {unknown}
Potions
 b - a potion of magic
 h - 2 potions of brilliance
 o - 2 potions of mutation {unknown}
 u - a potion of haste {unknown}
 w - a potion of berserk rage {unknown}
 x - a potion of enlightenment {unknown}
 z - a potion of invisibility {unknown}


   Skills:
 + Level 3.7 Fighting
 + Level 3.7 Short Blades
 + Level 3.7 Long Blades
 + Level 3.7 Axes
 + Level 3.7 Maces & Flails
 + Level 3.7 Polearms
 + Level 3.7 Staves
 + Level 3.7 Ranged Weapons
 + Level 3.7 Throwing
 + Level 3.7 Armour
 + Level 5.9 Dodging
 + Level 5.6 Stealth
 + Level 3.7 Shields
 + Level 3.7 Unarmed Combat
 + Level 6.3 Spellcasting
 + Level 7.8 Conjurations
 + Level 3.0 Hexes
 + Level 3.0 Summonings
 + Level 3.0 Necromancy
 + Level 3.0 Translocations
 + Level 3.0 Fire Magic
 + Level 3.0 Ice Magic
 + Level 3.0 Air Magic
 + Level 3.0 Earth Magic
 + Level 3.0 Alchemy
 + Level 4.0 Invocations
 + Level 3.7 Evocations
 + Level 3.3 Shapeshifting


You had 16 spell levels left.
You knew the following spells:

 Your Spells              Type           Power      Damage    Failure   Level
a - Magic Dart            Conj           100%       1d8       1%          1
b - Searing Ray           Conj           100%       2d8       1%          2

Your spell library contained the following spells:

 Spells                   Type           Power      Damage    Failure   Level
 Fulminant Prism          Conj/Alch      19%        3d11      12%         4
 Iskenderun's Mystic Bla  Conj/Tloc      39%        2d9       12%         4


Dungeon Overview and Level Annotations

Branches:
Dungeon (5/15)              Sewer (1/1)
 Temple: D:4-7

Altars:
Fedhas
Gozag
Hepliaklqana


Innate Abilities, Weirdness & Mutations

You have very sharp teeth.
Your uncanny sense of smell can sniff out nearby items.
Your experience applies equally to all skills.


Message History

The kobold brigand hits you with a +0 whip!
* * * LOW HITPOINT WARNING * * *
You feel better.
The kobold throws a stone.
The stone hits you but does no damage.
The kobold brigand hits you with a +0 dagger.
* * * LOW HITPOINT WARNING * * *
The kobold brigand closely misses you.
The kobold brigand throws a poisoned dart.
The poisoned dart closely misses you.
Casting: Searing Ray (safe; 1% risk of failure)
Confirm with . or Enter, or press ? or * to list all spells.
Aiming: Searing Ray (safe; 1% risk of failure)
Press: ? - help, Shift-Dir - straight line, f - kobold brigand, p - kobold brigand
Aim: a kobold brigand, wielding a +0 whip and quivering poisoned darts (79% to hit)
You feel a surge of power!
The searing ray hits the kobold brigand!
The kobold brigand is heavily wounded. (Press . to maintain the ray.)
The kobold brigand hits you with a +0 whip.
* * * LOW HITPOINT WARNING * * *
Unknown command.
The searing ray hits the kobold brigand!
The kobold brigand is severely wounded.
The kobold hits you with a +0 dagger.
* * * LOW HITPOINT WARNING * * *
The kobold brigand hits you with a +0 dagger.
* * * LOW HITPOINT WARNING * * *
The kobold brigand hits you with a +0 whip.
* * * LOW HITPOINT WARNING * * *
Unknown command.
Unknown command.
The searing ray hits the kobold brigand!
You kill the kobold brigand!
The kobold closely misses you.
The kobold brigand hits you with a +0 dagger.
* * * LOW HITPOINT WARNING * * *
You finish channelling your searing ray.
The kobold closely misses you.
The kobold brigand hits you with a +0 dagger.
You die...

#......~~#
##......~~#~≈
#.......~~#~≈
##.....~~~~~
#.....~~~#
##....P~~#
#......~#
#......P#
#..K@...#
##.K)~.~#
#P..)~~#
###.)~~#
##)'## ....#
#....# #.)∩!#
#.!..#


You could see a kobold brigand and a kobold.

Vanquished Creatures
  2 ice beasts (D:5)
  3 ogres
  A phantom (D:4)
  A centaur (D:5)
  3 kobold brigands (Sewer)
  3 scorpions
  An orc priest (D:4)
  7 iguanas
  2 orc wizards (D:4)
  10 adders
  A gnoll (D:1)
  A river rat (D:5)
  3 ufetubi (D:5)
  5 ribbon worms
  A dart slug (D:2)
  5 orcs
  6 endoplasms
  3 giant cockroaches
  12 goblins
  5 hobgoblins
  5 jackals (D:1)
  9 kobolds
  2 quokkas
  5 ball pythons
  9 bats
  4 frilled lizards
  4 rats
113 creatures vanquished.

Notes
Turn   | Place    | Note
-------+----------+-------------------------------------------
     0 | D:1      | ssalbiz the Gnoll Conjurer began the quest for the Orb.
     0 | D:1      | Reached XP level 1. HP: 13/13 MP: 6/6
   165 | D:1      | Reached XP level 2. HP: 19/19 MP: 3/7
   657 | D:1      | Reached skill level 5 in Spellcasting
   657 | D:1      | Reached XP level 3. HP: 25/25 MP: 3/9
   712 | D:1      | Learned a level 2 spell: Searing Ray
   831 | D:1      | Reached skill level 1 in Invocations
  1036 | D:2      | Reached skill level 1 in Fighting
  1036 | D:2      | Reached skill level 1 in Short Blades
  1036 | D:2      | Reached skill level 1 in Long Blades
  1036 | D:2      | Reached skill level 1 in Axes
  1036 | D:2      | Reached skill level 1 in Maces & Flails
  1036 | D:2      | Reached skill level 1 in Polearms
  1036 | D:2      | Reached skill level 1 in Staves
  1036 | D:2      | Reached skill level 1 in Ranged Weapons
  1036 | D:2      | Reached skill level 1 in Throwing
  1036 | D:2      | Reached skill level 1 in Armour
  1036 | D:2      | Reached skill level 1 in Shields
  1036 | D:2      | Reached skill level 1 in Unarmed Combat
  1036 | D:2      | Reached skill level 1 in Evocations
  1179 | D:2      | Reached skill level 1 in Shapeshifting
  1179 | D:2      | Reached XP level 4. HP: 32/32 MP: 8/11
  1450 | D:2      | Found an opulent altar of Gozag.
  1756 | D:2      | Reached skill level 1 in Hexes
  1756 | D:2      | Reached skill level 1 in Summonings
  1756 | D:2      | Reached skill level 1 in Necromancy
  1756 | D:2      | Reached skill level 1 in Translocations
  1756 | D:2      | Reached skill level 1 in Fire Magic
  1756 | D:2      | Reached skill level 1 in Ice Magic
  1756 | D:2      | Reached skill level 1 in Air Magic
  1756 | D:2      | Reached skill level 1 in Earth Magic
  1756 | D:2      | Reached skill level 1 in Alchemy
  1972 | D:3      | Found a hazy altar of Hepliaklqana.
  1972 | D:3      | Found a blossoming altar of Fedhas.
  2099 | D:3      | Reached XP level 5. HP: 37/37 MP: 7/12
  2874 | D:4      | Noticed a phantom
  2907 | D:4      | Killed a phantom
  2908 | D:4      | Reached XP level 6. HP: 44/44 MP: 5/13
  3155 | D:4      | Reached skill level 5 in Dodging
  3511 | D:4      | Reached XP level 7. HP: 51/51 MP: 9/15
  3636 | D:4      | Reached skill level 5 in Stealth
  3976 | D:5      | Entered Level 5 of the Dungeon
  4334 | D:5      | Reached XP level 8. HP: 49/58 MP: 2/16
  4592 | D:5      | Found a glowing drain.
  4603 | Sewer    | Entered a sewer
  4842 | Sewer    | Slain by a kobold brigand

Illustrated notes

Levels and vault maps discovered:
D:1:      dpeg_arrival_chambers_temple_mockup, layout_rooms
D:2:      layout_loops_ring, basic_altar
D:3:      layout_loops_cross, chequers_temple_overflow_statue_of_worship
D:4:      layout_cave_pools
D:5:      minmay_razor_zed, layout_basic, lightli_sewer_entry_pipes
Sewer:    kennysheep_pipe_town

Skill      XL: |  1  2  3  4  5  6  7  8 |
---------------+-------------------------+-----
Spellcasting   | 5 6 |  6.3
Invocations    | 1 2 3 4 |  4.0
Fighting       | 1 2 3 |  3.7
Short Blades   | 1 2 3 |  3.7
Long Blades    | 1 2 3 |  3.7
Axes           | 1 2 3 |  3.7
Maces & Flails | 1 2 3 |  3.7
Polearms       | 1 2 3 |  3.7
Staves         | 1 2 3 |  3.7
Ranged Weapons | 1 2 3 |  3.7
Throwing       | 1 2 3 |  3.7
Armour         | 1 2 3 |  3.7
Shields        | 1 2 3 |  3.7
Unarmed Combat | 1 2 3 |  3.7
Evocations     | 1 2 3 |  3.7
Shapeshifting  | 1 2 3 |  3.3
Hexes          | 1 2 3 |  3.0
Summonings     | 1 2 3 |  3.0
Necromancy     | 1 2 3 |  3.0
Translocations | 1 2 3 |  3.0
Fire Magic     | 1 2 3 |  3.0
Ice Magic      | 1 2 3 |  3.0
Air Magic      | 1 2 3 |  3.0
Earth Magic    | 1 2 3 |  3.0
Alchemy        | 1 2 3 |  3.0
Dodging        | 5 |  5.9
Stealth        | 5 |  5.6
Conjurations   | |  7.8

Action                     |  1- 3 |  4- 6 |  7- 9 || total
---------------------------+-------+-------+-------++-------
  Melee: Dagger            |     6 |       |       ||     6
         Short sword       |       |     3 |     5 ||     8
         Bite              |       |       |     1 ||     1
  Throw: Dart              |       |     1 |     8 ||     9
         Javelin           |       |       |    10 ||    10
   Cast: Magic Dart        |    56 |    80 |    25 ||   161
         Searing Ray       |     1 |    14 |    25 ||    40
  Evoke: Wand              |       |       |     3 ||     3
    Use: Potion            |       |       |     4 ||     4
 Armour: Robe              |     3 |     4 |    59 ||    66
  Dodge: Dodged            |    12 |     5 |    54 ||    71
